3AA
ASHEVILLE HIGHLANDERS @ AKRON BLIMPS
08/24/2039
 
TOP OF THE 1ST
Asheville Highlanders batting - Pitching for Akron Blimps : RHP Ken Richmond
Pitching: RHP Ken Richmond
Batting: LHB Ji-e Loh 0-0: Ball
1-0: Ball
2-0: Called Strike
2-1: Foul Ball, location: 2F
2-2: Ball
3-2: Base on Balls
Batting: LHB Kevin McIndeor 0-0: Ball
1-0: Called Strike
1-1: Ball
2-1: Called Strike
2-2: Fielders Choice at 2nd, 6-4 (Groundball, 6S, EV 83.1 MPH)
Batting: RHB Tony Castellanos 0-0: Ball
1-0: Foul Ball, location: 2F
1-1: Ball
2-1: Called Strike
2-2: Strikes out swinging
Batting: SHB Christian Cole 0-0: Ball
1-0: Called Strike
1-1: Foul Ball, location: 2F
1-2: Ball
2-2: Strikes out swinging
Top of the 1st over - 0 runs, 0 hits, 0 errors, 1 left on base; Asheville 0 - Akron 0
BOTTOM OF THE 1ST
Akron Blimps batting - Pitching for Asheville Highlanders : RHP Sergio Tacuri
Pitching: RHP Sergio Tacuri
Batting: LHB Pat Carter 0-0: Called Strike
0-1: Ball
1-1: Ball
2-1: Foul Ball, location: 2F
2-2: Fly out, F1 (Line Drive, P, EV 68.8 MPH)
Batting: LHB Fernando Negrete 0-0: Ball
1-0: Called Strike
1-1: Foul Ball, location: 2F
1-2: Ball
2-2: Fly out, F8 (Flyball, 8LS, EV 83.1 MPH)
Batting: RHB Mathew Mayo 0-0: SINGLE (Groundball, 4MD, EV 93.8 MPH)
Batting: RHB Ernest Franks 0-0: DOUBLE (Line Drive, 5D, EV 105.6 MPH)
Mathew Mayo to third
Runner from 3rd tries for Home, SAFE, no throw by LF
Batting: LHB Bob Giles 0-0: Called Strike
0-1: Foul Ball, location: 2F
0-2: Ball
1-2: Foul Ball, location: 2F
1-2: Foul Ball, location: 2F
1-2: Fly out, F7 (Flyball, 78D, EV 81.9 MPH)
Bottom of the 1st over - 1 run, 2 hits, 0 errors, 1 left on base; Asheville 0 - Akron 1
TOP OF THE 2ND
Asheville Highlanders batting - Pitching for Akron Blimps : RHP Ken Richmond
Batting: LHB Frank Morris 0-0: Called Strike
0-1: Ball
1-1: DOUBLE (Groundball, 5L, EV 100.6 MPH)
Batting: RHB Don Skerrett 0-0: Foul Ball, location: 2F
0-1: Fly out, F9 (Flyball, 9LM, EV 96.2 MPH)
Batting: RHB Cédric Causse 0-0: Called Strike
0-1: Ball
1-1: SINGLE (Groundball, 25, EV 67.5 MPH) (infield hit)
Frank Morris to third
Batting: SHB Dean Barthorpe 0-0: Called Strike
Cédric Causse steals 2nd base
0-1: Called Strike
0-2: Strikes out swinging
Batting: RHB Dan Olson 0-0: Called Strike
0-1: Ball
1-1: Ball
2-1: Ball
3-1: Ground out 4-3 (Groundball, 4, EV 100.0 MPH)
Top of the 2nd over - 0 runs, 2 hits, 0 errors, 2 left on base; Asheville 0 - Akron 1
BOTTOM OF THE 2ND
Akron Blimps batting - Pitching for Asheville Highlanders : RHP Sergio Tacuri
Batting: RHB Raffaello Dichio 0-0: Called Strike
0-1: Ball
1-1: Ground out 3-1 (Groundball, 34, EV 90.0 MPH)
Batting: RHB Pedro Martínez 0-0: Called Strike
0-1: Fly out, F7 (Flyball, 78S, EV 89.4 MPH)
Batting: RHB Roberto Ramos 0-0: Ball
1-0: Called Strike
1-1: Foul Ball, location: 2F
1-2: Ground out 4-3 (Groundball, 4M, EV 86.9 MPH)
Bottom of the 2nd over - 0 runs, 0 hits, 0 errors, 0 left on base; Asheville 0 - Akron 1
TOP OF THE 3RD
Asheville Highlanders batting - Pitching for Akron Blimps : RHP Ken Richmond
Batting: LHB Ji-e Loh 0-0: Swinging Strike
0-1: Ball
1-1: Ball
2-1: Fly out, F7 (Flyball, 78D, EV 88.8 MPH)
Batting: LHB Kevin McIndeor 0-0: Ball
1-0: Ball
2-0: Ball
3-0: Called Strike
3-1: Base on Balls
Batting: RHB Tony Castellanos 0-0: SINGLE (Line Drive, 78S, EV 90.6 MPH)
Kevin McIndeor to second
Batting: SHB Christian Cole 0-0: Called Strike
0-1: Swinging Strike
0-2: Strikes out looking
Batting: LHB Frank Morris 0-0: Foul Ball, location: 2F
0-1: Ball
1-1: Called Strike
1-2: Foul Ball, location: 2F
1-2: Ball
2-2: Ball
3-2: Base on Balls
Kevin McIndeor to third
Tony Castellanos to second
Batting: RHB Don Skerrett 0-0: Ball
1-0: Ball
2-0: Called Strike
2-1: Foul Ball, location: 2F
2-2: Ball
3-2: Strikes out swinging
Top of the 3rd over - 0 runs, 1 hit, 0 errors, 3 left on base; Asheville 0 - Akron 1
BOTTOM OF THE 3RD
Akron Blimps batting - Pitching for Asheville Highlanders : RHP Sergio Tacuri
Batting: RHB Jim Robbins 0-0: Called Strike
0-1: Ball
1-1: Called Strike
1-2: Ball
2-2: Strikes out looking
Batting: LHB Pat Carter 0-0: Ball
1-0: Called Strike
1-1: Ball
2-1: Fly out, F9 (Flyball, 9LSF, EV 93.1 MPH)
Batting: LHB Fernando Negrete 0-0: Ball
1-0: Ball
2-0: Called Strike
2-1: Fly out, F5 (Line Drive, 5, EV 61.9 MPH)
Bottom of the 3rd over - 0 runs, 0 hits, 0 errors, 0 left on base; Asheville 0 - Akron 1
TOP OF THE 4TH
Asheville Highlanders batting - Pitching for Akron Blimps : RHP Ken Richmond
Batting: RHB Cédric Causse 0-0: Ground out 5-3 (Groundball, 56S, EV 83.1 MPH)
Batting: SHB Dean Barthorpe 0-0: SINGLE (Line Drive, 34D, EV 95.0 MPH)
Batting: RHB Dan Olson 0-0: Ball
1-0: Called Strike
1-1: Ball
2-1: Grounds into double play, 5-4-3 (Groundball, 56, EV 89.4 MPH)
Top of the 4th over - 0 runs, 1 hit, 0 errors, 0 left on base; Asheville 0 - Akron 1
BOTTOM OF THE 4TH
Akron Blimps batting - Pitching for Asheville Highlanders : RHP Sergio Tacuri
Batting: RHB Mathew Mayo 0-0: Ball
1-0: Ball
2-0: Swinging Strike
2-1: Called Strike
2-2: Strikes out swinging
Batting: RHB Ernest Franks 0-0: Ball
1-0: Swinging Strike
1-1: SINGLE (Groundball, 5D, EV 99.4 MPH)
Batting: LHB Bob Giles 0-0: Fly out, F6 (Popup, 6M, EV 51.2 MPH)
Batting: RHB Raffaello Dichio 0-0: Called Strike
Ernest Franks steals 2nd, throwing error, E2
Ernest Franks to third
0-1: Ball
1-1: Foul Ball, location: 2F
1-2: Fly out, F7 (Flyball, 7S, EV 85.6 MPH)
Bottom of the 4th over - 0 runs, 1 hit, 1 error, 1 left on base; Asheville 0 - Akron 1
TOP OF THE 5TH
Asheville Highlanders batting - Pitching for Akron Blimps : RHP Ken Richmond
Batting: LHB Ji-e Loh 0-0: Ball
1-0: Foul Ball, location: 2F
1-1: Foul Ball, location: 2F
1-2: Ball
2-2: Ground out U3 (Groundball, 3L, EV 90.6 MPH)
Batting: LHB Kevin McIndeor 0-0: Called Strike
0-1: Ball
1-1: Ball
2-1: Ball
3-1: Foul Ball, location: 2F
3-2: Foul Ball, location: 2F
3-2: Fly out, F7 (Flyball, 78M, EV 98.8 MPH)
Batting: RHB Tony Castellanos 0-0: Ball
1-0: Foul Ball, location: 2F
1-1: Ball
2-1: Ball
3-1: Ground out 4-3 (Groundball, 34, EV 93.1 MPH)
Top of the 5th over - 0 runs, 0 hits, 0 errors, 0 left on base; Asheville 0 - Akron 1
BOTTOM OF THE 5TH
Akron Blimps batting - Pitching for Asheville Highlanders : RHP Sergio Tacuri
Batting: RHB Pedro Martínez 0-0: Called Strike
0-1: Foul Ball, location: 2F
0-2: Ball
1-2: Ball
2-2: Strikes out swinging
Batting: RHB Roberto Ramos 0-0: Called Strike
0-1: Foul Ball, location: 2F
0-2: Ball
1-2: Foul Ball, location: 2F
1-2: Foul Ball, location: 2F
1-2: Foul Ball, location: 2F
1-2: Ball
2-2: Ball
3-2: SINGLE (Flyball, 34D, EV 100.0 MPH)
Batting: RHB Jim Robbins 0-0: Ball
1-0: Swinging Strike
1-1: Called Strike
1-2: Strikes out looking
Batting: LHB Pat Carter 0-0: Ball
1-0: Ball
2-0: Called Strike
2-1: Foul Ball, location: 2F
2-2: Ground out 5-3 (Groundball, 56, EV 88.8 MPH)
Bottom of the 5th over - 0 runs, 1 hit, 0 errors, 1 left on base; Asheville 0 - Akron 1
TOP OF THE 6TH
Asheville Highlanders batting - Pitching for Akron Blimps : RHP Ken Richmond
Batting: SHB Christian Cole 0-0: Ball
1-0: Foul Ball, location: 2F
1-1: Swinging Strike
1-2: Ball
2-2: Foul Ball, location: 2F
2-2: Ball
3-2: Foul Ball, location: 2F
3-2: Strikes out swinging
Batting: LHB Frank Morris 0-0: Ball
1-0: Ball
2-0: Called Strike
2-1: Fly out, F8 (Flyball, 8RD, EV 98.1 MPH)
Batting: RHB Don Skerrett 0-0: Ball
1-0: Foul Ball, location: 2F
1-1: SINGLE (Flyball, 89S, EV 88.1 MPH)
Batting: RHB Cédric Causse 0-0: Ball
1-0: Ball
2-0: SINGLE (Line Drive, 56D, EV 103.1 MPH)
Don Skerrett to second
Batting: SHB Dean Barthorpe 0-0: Called Strike
0-1: Swinging Strike
0-2: Strikes out swinging
Top of the 6th over - 0 runs, 2 hits, 0 errors, 2 left on base; Asheville 0 - Akron 1
BOTTOM OF THE 6TH
Akron Blimps batting - Pitching for Asheville Highlanders : RHP Sergio Tacuri
Batting: LHB Fernando Negrete 0-0: Ball
1-0: Foul Ball, location: 2F
1-1: Foul Ball, location: 2F
1-2: Foul Ball, location: 2F
1-2: Reached on error, E4 (Groundball, 4M, EV 81.2 MPH)
Pitching: RHP Jeffery Johnston
Batting: RHB Mathew Mayo 0-0: Called Strike
0-1: Called Strike
Fernando Negrete steals 2nd, throwing error, E2
Fernando Negrete to third
0-2: Ball
1-2: Ball
2-2: Fly out, F8 (Flyball, 8RS, EV 88.1 MPH)
Batting: RHB Ernest Franks 0-0: Ball
1-0: Called Strike
1-1: Foul Ball, location: 2F
1-2: SINGLE (Groundball, 56D, EV 98.1 MPH)
Fernando Negrete scores
Batting: LHB Bob Giles 0-0: Ball
1-0: Swinging Strike
1-1: Ball
2-1: Foul Ball, location: 2F
2-2: Fly out, F7 (Flyball, 78D, EV 103.8 MPH)
Batting: RHB Raffaello Dichio 0-0: Called Strike
0-1: Ball
1-1: Ball
2-1: Fly out, F2 (Popup, 15S, EV 83.8 MPH)
Bottom of the 6th over - 1 run, 1 hit, 2 errors, 1 left on base; Asheville 0 - Akron 2
TOP OF THE 7TH
Asheville Highlanders batting - Pitching for Akron Blimps : RHP Ken Richmond
Pitching: RHP Hans Rager
Batting: RHB Dan Olson 0-0: Ball
1-0: Called Strike
1-1: Ground out 6-3 (Groundball, 6, EV 83.1 MPH)
Batting: LHB Ji-e Loh 0-0: Ground out 3-1 (Groundball, 34, EV 103.1 MPH)
Batting: LHB Kevin McIndeor 0-0: Ball
1-0: Called Strike
1-1: Called Strike
1-2: Ball
2-2: Ball
3-2: Base on Balls
Batting: RHB Tony Castellanos 0-0: Ball
1-0: Ball
2-0: Ball
3-0: Base on Balls
Kevin McIndeor to second
Batting: SHB Christian Cole 0-0: Called Strike
0-1: Foul Ball, location: 2F
0-2: Fly out, F5 (Popup, 5SF, EV 76.9 MPH)
Top of the 7th over - 0 runs, 0 hits, 0 errors, 2 left on base; Asheville 0 - Akron 2
BOTTOM OF THE 7TH
Akron Blimps batting - Pitching for Asheville Highlanders : RHP Jeffery Johnston
Batting: RHB Pedro Martínez 0-0: Called Strike
0-1: Ground out 6-3 (Groundball, 6M, EV 110.0 MPH)
Batting: RHB Roberto Ramos 0-0: Ball
1-0: Called Strike
1-1: Ball
2-1: Swinging Strike
2-2: Ball
3-2: Base on Balls
Pitching: RHP Alex Edgar
Batting: RHB Jim Robbins 0-0: Called Strike
0-1: Ground out 4-3 (Groundball, 34, EV 102.5 MPH)
Roberto Ramos to second
Batting: LHB Pat Carter 0-0: Ball
Roberto Ramos is caught stealing 3rd base 2-5
Bottom of the 7th over - 0 runs, 0 hits, 0 errors, 0 left on base; Asheville 0 - Akron 2
TOP OF THE 8TH
Asheville Highlanders batting - Pitching for Akron Blimps : RHP Hans Rager
Batting: LHB Frank Morris 0-0: Ball
1-0: Ball
2-0: Swinging Strike
2-1: Called Strike
2-2: Strikes out swinging
Batting: RHB Don Skerrett 0-0: Ball
1-0: Ground out 6-3 (Groundball, 6M, EV 83.8 MPH)
Batting: RHB Cédric Causse 0-0: Ground out 5-3 (Groundball, 56, EV 91.2 MPH)
Top of the 8th over - 0 runs, 0 hits, 0 errors, 0 left on base; Asheville 0 - Akron 2
BOTTOM OF THE 8TH
Akron Blimps batting - Pitching for Asheville Highlanders : RHP Alex Edgar
Batting: LHB Pat Carter 0-0: Ball
1-0: Ball
2-0: Ground out 4-3 (Groundball, 4, EV 84.4 MPH)
Batting: LHB Fernando Negrete 0-0: Fly out, F6 (Popup, 6S, EV 62.5 MPH)
Batting: RHB Mathew Mayo 0-0: Ground out 4-3 (Groundball, 4S, EV 77.5 MPH)
Bottom of the 8th over - 0 runs, 0 hits, 0 errors, 0 left on base; Asheville 0 - Akron 2
TOP OF THE 9TH
Asheville Highlanders batting - Pitching for Akron Blimps : RHP Hans Rager
Pitching: LHP Mamadou Boutin
Batting: SHB Dean Barthorpe 0-0: Foul Ball, location: 2F
0-1: Swinging Strike
0-2: Foul Ball, location: 2F
0-2: Foul Ball, location: 2F
0-2: Strikes out swinging
Batting: RHB Dan Olson 0-0: Ball
1-0: Called Strike
1-1: Called Strike
1-2: Strikes out looking
Batting: LHB Ji-e Loh 0-0: Ball
1-0: Foul Ball, location: 2F
1-1: Fly out, F7 (Line Drive, 7, EV 93.1 MPH)
Top of the 9th over - 0 runs, 0 hits, 0 errors, 0 left on base; Asheville 0 - Akron 2
Wednesday, July 8th, 2020 - OOTP Baseball 20.8 Build 74